 Dungeon Crawl Stone Soup version 0.31.0-11-ge490571c62 (webtiles) character file.

Game seed: 2573555713735472509

23 Aneyh the Slasher (level 3, -1/23 HPs)
             Began as a Tengu Monk on Feb 4, 2024.
             Slain by a gnoll
             ... wielding a +0 spear
              (8 damage)
             ... on level 2 of the Dungeon.
             The game lasted 00:01:31 (772 turns).

Aneyh the Slasher (Tengu Monk)                       Turns: 772, Time: 00:01:32

Health: -1/23      AC:  2    Str: 11    XL:     3   Next: 0%
Magic:  4/4        EV: 13    Int: 10    God:
Gold:   24         SH:  0    Dex: 18    Spells: 2/2 levels left

rFire   . . .        a - +0 falchion
rCold   . . .        (no shield)
rNeg    . . .        g - +0 robe
rPois   .            (helmet restricted)
rElec   .            (no cloak)
rCorr   .            (no gloves)
SInv    .            (boots unavailable)
Will    .....        (no amulet)
Stlth   ++           (no ring)
HPRegen 0.23/turn    (no ring)
MPRegen 0.09/turn

%: acrobat
@: no status effects
A: beak, talons 3, acrobatic
a: no special abilities


You were on level 2 of the Dungeon.
You visited 1 branch of the dungeon, and saw 2 of its levels.

You collected 24 gold pieces.

Inventory:

Hand Weapons
 a - a +0 falchion (weapon)
 b - a +0 sling
 h - a +0 spear
Missiles
 e - 4 boomerangs (quivered)
Armour
 d - an orb of light
 g - a +0 robe (worn)
 k - a +0 ring mail
Scrolls
 f - a scroll of amnesia {unknown}
 i - a scroll of fear {unknown}
 j - a scroll of poison {unknown}
Potions
 c - 2 potions of ambrosia


   Skills:
 - Level 3.0 Fighting
 + Level 4.5 Long Blades
 - Level 3.2 Dodging


You had 2 spell levels left.
You didn't know any spells.
Your spell library contained the following spells:

 Spells                   Type           Power      Damage    Failure   Level
 Sting                    Conj/Alch      0%         1d3       36%         1
 Mercury Vapours          Alch/Air       0%         N/A       50%         2
 Gell's Gravitas          Tloc           0%         N/A       75%         3
 Teleport Other           Tloc           0%         N/A       75%         3
 Olgreb's Toxic Radiance  Alch           0%         N/A       98%         4
 Dispersal                Tloc           0%         N/A       100%        6


Dungeon Overview and Level Annotations

Branches:
Dungeon (2/15)

Altars:

Shops:
D:1 ?


Innate Abilities, Weirdness & Mutations

You have a beak for a mouth.
You have claws for feet.
You can magically evade attacks while moving or waiting.


Message History

No target in view!
Done exploring.
No target in view!
Done exploring.
No target in view!
No target in view!
Done exploring.
There is an open door here.
There is a stone staircase leading down here.
You climb downwards.
Found a ring mail.
There is a stone staircase leading up here.
A ball python is nearby!
You hit the ball python.
You kill the ball python!
You have reached level 3!
Your experience leads to an increase in your attributes!
Increase (S)trength, (I)ntelligence, or (D)exterity?
You feel agile. x2
You see here a +0 ring mail.
k - a +0 ring mail A gnoll comes into view.
It is wielding a +0 spear.
Found 7 gold pieces.
A gnoll comes into view. It is wielding a +0 spear.
A gnoll is nearby!
The gnoll shouts!
You hear a shout!
A gnoll comes into view. It is wielding a +0 halberd.
There is a stone staircase leading up here.
The gnoll misses you.
You throw a boomerang.
The boomerang hits the gnoll and shatters for extra damage.
The gnoll is lightly wounded.
The gnoll barely misses you.
You throw a boomerang. The boomerang closely misses the gnoll.
The boomerang hits the gnoll.
The gnoll is moderately wounded.
The gnoll completely misses you.
The gnoll hits you from afar with a +0 spear!
The gnoll hits you from afar with a +0 spear! x2
You die...

.
+......g..g.....####
#############......#
#......##
###.......#
#.........#
#.#g..^...#
#.#gg.....#
#.#.......#
#.#@#+###.# #.#.#
... #.#.# # ..#.#
..#.# #.. ##. .


You could see 3 gnolls.

Vanquished Creatures
  3 bats (D:1)
  2 endoplasms (D:1)
  A hobgoblin (D:1)
  4 jackals (D:1)
  3 kobolds (D:1)
  A quokka (D:1)
  5 ball pythons
  2 frilled lizards (D:1)
21 creatures vanquished.

Notes
Turn   | Place    | Note
-------+----------+-------------------------------------------
     0 | D:1      | Aneyh the Tengu Monk began the quest for the Orb.
     0 | D:1      | Reached XP level 1. HP: 14/14 MP: 2/2
    61 | D:1      | Found Dismoiru's Magic Scroll Shop.
   177 | D:1      | Reached XP level 2. HP: 15/19 MP: 3/3
   319 | D:1      | Reached skill level 4 in Long Blades
   728 | D:2      | Reached XP level 3. HP: 23/23 MP: 4/4
   772 | D:2      | Slain by a gnoll

Illustrated notes

Levels and vault maps discovered:
D:1:      nzn_arrival_crosshair, layout_basic, serial_shops, shop
D:2:      layout_basic, uniq_robin

Skill      XL: |  1  2 |
---------------+-------+-----
Long Blades    | 4 |  4.5
Fighting       | |  3.0
Dodging        | |  3.2

Action                     || total
---------------------------++-------
  Melee: Falchion          ||    50
         Kick              ||     7
         Peck              ||     6
  Throw: Boomerang         ||     8
   Stab: Sleeping          ||     1
 Armour: Robe              ||    41
  Dodge: Dodged            ||    57
